 Dungeon Crawl Stone Soup version 0.21-a0-591-g2314aa1 (webtiles) character file.

90 mopl the Insei (level 4, -3/32 HPs)
             Began as a Barachi Transmuter on Dec 22, 2017.
             Slain by an orc
             ... wielding a +0 morningstar
              (13 damage)
             ... on level 3 of the Dungeon.
             The game lasted 00:02:31 (1337 turns).

mopl the Insei (Barachi Transmuter)                 Turns: 1337, Time: 00:02:32

Health: -3/32      AC:  2    Str: 11    XL:     4   Next: 56%
Magic:  5/7        EV: 20    Int: 14    God:
Gold:   102        SH:  0    Dex: 18    Spells: 1/7 levels left

rFire    . . .     SeeInvis .     - Unarmed
rCold    . . .     Gourm    .   (shield currently unavailable)
rNeg     . . .     Faith    .   (armour currently unavailable)
rPois    x         Spirit   .   (helmet currently unavailable)
rElec    .         Reflect  .   (cloak currently unavailable)
rCorr    .         Harm     .   (gloves currently unavailable)
MR       .....                  (boots currently unavailable)
Stlth    ++........             (no amulet)
HPRegen  0.10/turn              (no ring)
MPRegen  0.10/turn              (no ring)

@: spider-form (expiring)
A: tiny, +LOS, swims
a: End Transformation


You were on level 3 of the Dungeon.
You were hungry.
You were a venomous arachnid creature.
You visited 1 branch of the dungeon, and saw 3 of its levels.

You collected 102 gold pieces.

Inventory:

Missiles
 a - 12 arrows
Armour
 b - a +0 robe (melded)
 e - a +2 pair of boots (melded)
Scrolls
 g - a scroll of teleportation {unknown}
 h - 2 scrolls of fog {unknown}
 j - 3 scrolls of remove curse {unknown}
 k - 2 scrolls of enchant weapon {unknown}
 l - a scroll of identify {unknown}
Potions
 i - a potion of degeneration {unknown}
 m - 2 potions of curing {unknown}
 n - a potion of mutation {unknown}
Books
 c - a book of Changes

   Spells                             Type                      Level
   a - Beastly Appendage              Transmutation                1
   b - Sticks to Snakes               Transmutation                2
   c - Spider Form                    Transmutation/Poison         3
   d - Ice Form                       Ice/Transmutation            4
   e - Blade Hands                    Transmutation                5
Comestibles
 d - a ration
 f - 2 chunks of flesh


   Skills:
 - Level 1.2 Fighting
 - Level 2.1 Dodging
 + Level 4.4 Unarmed Combat
 - Level 2.1 Spellcasting
 + Level 3.6 Transmutations
 + Level 1.6 Poison Magic


You had one spell level left.
You knew the following spells:

 Your Spells              Type           Power        Failure   Level  Hunger
a - Beastly Appendage     Tmut           ##....       16%         1    #......
b - Spider Form           Tmut/Pois      #.........   45%         3    ###....
w - Sticks to Snakes      Tmut           ##......     21%         2    ###....


Dungeon Overview and Level Annotations

Branches:
Dungeon (3/15)

Altars:


Innate Abilities, Weirdness & Mutations

Shadows flee at your approach. (+LOS)
You can swim through water.
((You cover ground slowly.))
((You can hop short distances.))


Message History

Your transformation is almost over.
You kill the orc!
You barely miss the orc. You hit the orc.
The orc is poisoned.
The orc is heavily wounded.
The orc completely misses you.
You barely miss the orc.
The orc is heavily wounded.
You hit the orc but do no damage.
The orc looks as sick as possible!
The orc is heavily wounded.
The orc hits you with a mace!
You bite the orc!
You kill the orc!
You barely miss the orc.
The orc is almost dead.
The orc completely misses you.
You hit the orc but do no damage.
The orc is almost dead.
The orc hits you with a morningstar!
You die...

### .. ### #.
#<#
#.####.##.#
#.....los(#
#####.##)....#
# #.##### ...
#.... +.....
#......
#...(...
#........


You could see an orc and a frilled lizard.

Vanquished Creatures
  2 adders (D:2)
  A worm (D:2)
  5 dart slugs
  A leopard gecko (D:2)
  5 orcs
  4 bats
  10 goblins
  8 hobgoblins
  6 kobolds
  11 rats
53 creatures vanquished.

Notes
Turn   | Place    | Note
-------+----------+-------------------------------------------
     0 | D:1      | mopl the Barachi Transmuter began the quest for the Orb.
     0 | D:1      | Reached XP level 1. HP: 15/15 MP: 3/3
    32 | D:1      | Reached XP level 2. HP: 8/21 MP: 3/5
    38 | D:1      | Learned a level 2 spell: Sticks to Snakes
   359 | D:1      | Reached skill level 3 in Transmutations
   430 | D:1      | Reached XP level 3. HP: 21/26 MP: 4/6
   435 | D:1      | Learned a level 3 spell: Spider Form
   449 | D:1      | Reached skill level 4 in Unarmed Combat
   928 | D:2      | Reached skill level 1 in Poison Magic
  1000 | D:2      | Reached XP level 4. HP: 31/32 MP: 7/7
  1337 | D:3      | Slain by an orc

Vault maps used:
D:1:      dpeg_arrival_ratfight, minmay_hexomino_p4
D:2:      guppyfry_early_orc_mine
D:3:      gammafunk_steamed_eel, elyvilon_altar_4, marbit_many_paths,
          lexackson_kobold_supper

Skill      XL: |  1  2  3 |
---------------+----------+-----
Transmutations | 3 |  3.6
Unarmed Combat | 4 |  4.4
Poison Magic   | 1 |  1.6
Fighting       | |  1.2
Dodging        | |  2.1
Spellcasting   | |  2.1

Action                   |  1- 3 |  4- 6 || total
-------------------------+-------+-------++-------
Melee: Unarmed           |    73 |    54 ||   127
       Headbutt          |     3 |       ||     3
       Punch             |     1 |       ||     1
 Cast: Beastly Appendage |    10 |       ||    10
       Spider Form       |     5 |     5 ||    10
 Stab: Sleeping          |     1 |     1 ||     2
  Eat: Chunk             |     2 |     1 ||     3
Armor: Robe              |    13 |     4 ||    17
       Skin              |       |     3 ||     3
Dodge: Dodged            |    53 |    52 ||   105

Table legend:
 A = Spawn XP
 B = Non-spawn XP
 C = Spawn XP percentage of total XP
 D = Spawn monster count
 E = Non-spawn monster count
 F = Spawn count percentage of total count
 G = Total turns spent on level
                    A         B        C        D         E        F      G
               +---------+---------+-------+---------+---------+-------+---------
         Total |       0 |     129 |   0.0 |       0 |      53 |   0.0 |  1337
               +---------+---------+-------+---------+---------+-------+---------
           D:1 |       0 |      47 |   0.0 |       0 |      25 |   0.0 |   773
           D:2 |       0 |      76 |   0.0 |       0 |      26 |   0.0 |   542
           D:3 |       0 |       6 |   0.0 |       0 |       2 |   0.0 |    22
               +---------+---------+-------+---------+---------+-------+---------
